 Dungeon Crawl Stone Soup version 0.31.0-12-g77e489cdc1 (webtiles) character file.

Game seed: 3607031294056806244

380 Doomgape the Covered (level 6, -5/40 HPs)
             Began as a Gargoyle Fighter on Feb 18, 2024.
             Killed by divine providence
             ... invoked by an orc priest
              (14 damage)
             ... on level 4 of the Dungeon.
             The game lasted 00:04:05 (1992 turns).

Doomgape the Covered (Gargoyle Fighter)             Turns: 1992, Time: 00:04:06

Health: -5/40      AC: 16    Str: 21    XL:     6   Next: 75%
Magic:  6/6        EV:  6    Int:  9    God:
Gold:   155        SH:  4    Dex:  9    Spells: 5/5 levels left

rFire   + . .        a - +1 flail (chaos)
rCold   . . .        c - +0 buckler
rNeg    + . .        l - +0 plate armour
rPois   ∞            (no helmet)
rElec   +            (no cloak)
rCorr   .            (no gloves)
SInv    .            (no boots)
Will    .....        (no amulet) Stlth
                     i - ring of protection from fire
HPRegen 0.26/turn    (no ring)
MPRegen 0.10/turn

%: no passive effects
@: no status effects
A: sickness immunity, AC +4, negative energy resistance 1, electricity
resistance, torment resistance 1, petrification resistance
a: no special abilities


You were on level 4 of the Dungeon.
You visited 1 branch of the dungeon, and saw 4 of its levels.

You collected 155 gold pieces.

Inventory:

Hand Weapons
 a - a +1 flail of chaos (weapon)
Armour
 c - a +0 buckler (worn)
 l - a +0 plate armour (worn)
Jewellery
 b - a ring of flight
 i - a ring of protection from fire (left hand)
Wands
 o - a wand of mindburst (14)
Scrolls
 g - a scroll of enchant weapon
 h - a scroll of torment {unknown}
 m - a scroll of teleportation {unknown}
 n - a scroll of fog {unknown}
Potions
 d - a potion of might
 e - 2 potions of mutation {unknown}
 f - a potion of curing {unknown}
 j - 2 potions of haste {unknown}
 k - a potion of degeneration {unknown}
 p - a potion of lignification {unknown}


   Skills:
 + Level 4.9 Fighting
 + Level 3.7 Maces & Flails
 + Level 4.9 Armour
 + Level 4.9 Shields


You had 5 spell levels left.
You didn't know any spells.
Your spell library contained the following spells:

 Spells                   Type           Power      Damage    Failure   Level
 Kiss of Death            Conj/Necr      0%         2d5       100%        1
 Confusing Touch          Hex            0%         N/A       100%        3
 Dispel Undead            Necr           0%         3d6       100%        4


Dungeon Overview and Level Annotations

Branches:
Dungeon (4/15)
 Temple: D:4-7

Altars:


Innate Abilities, Weirdness & Mutations

You are immune to sickness and miasma.
Your stone body is resilient. (AC +4)
You are immune to poison.
You resist negative energy. (rN+)
You are resistant to electric shocks. (rElec)
You are resistant to unholy torment.
You are immune to petrification.


Message History

You kill the orc!
The orc priest hits you with a +0 hand axe.
Unknown command.
You barely miss the orc priest. You block the orc priest's attack.
You hit the orc priest.
You feel better.
The orc priest is moderately wounded.
The orc priest hits you with a +0 hand axe. x2
You sock the orc priest! You burn the orc priest.
The orc priest is almost dead.
The orc priest invokes the aid of Beogh against you.
Beogh smites you!
* * * LOW HITPOINT WARNING * * *
You barely miss the orc priest.
The orc priest is almost dead.
The orc priest hits you but does no damage.
You closely miss the orc priest.
The orc priest is almost dead.
The orc priest hits you but does no damage.
Unknown command.
You barely miss the orc priest.
The orc priest is severely wounded.
The orc priest hits you but does no damage.
The orc priest barely misses you.
Unknown command.
You barely miss the orc priest.
The orc priest is severely wounded.
The orc priest hits you but does no damage.
You completely miss the orc priest.
The orc priest is severely wounded.
The orc priest hits you but does no damage.
Unknown command.
You barely miss the orc priest.
The orc priest is severely wounded.
The orc priest hits you but does no damage.
Unknown command.
You barely miss the orc priest.
The orc priest is severely wounded.
The orc priest invokes the aid of Beogh against you.
Beogh smites you!
You die...

#..................##
###................
#................
####..............
##...†.....###.....
##..........#
##......
#.........### .. ...
#.........### ...
#..#)@........ ...
##.#.)o....#.. ..
.........## . .
##.:.....##
........## ....##....
..... ...... .....
....##.


You could see an orc priest.

Vanquished Creatures
  Sigmund (D:2)
  A scorpion (D:4)
  Natasha (D:2)
  Terence (D:2)
  4 gnolls
  2 adders
  4 dart slugs
  3 orcs (D:4)
  4 ball pythons
  6 bats
  6 endoplasms
  A giant cockroach (D:3)
  4 goblins
  5 hobgoblins
  4 jackals (D:2)
  6 kobolds
  A quokka (D:3)
  4 frilled lizards
  3 rats
61 creatures vanquished.

Notes
Turn   | Place    | Note
-------+----------+-------------------------------------------
     0 | D:1      | Doomgape the Gargoyle Fighter began the quest for the Orb.
     0 | D:1      | Reached XP level 1. HP: 14/14 MP: 1/1
   294 | D:1      | Reached XP level 2. HP: 17/19 MP: 2/2
   586 | D:2      | Reached XP level 3. HP: 23/23 MP: 3/3
   777 | D:2      | Noticed Sigmund
   791 | D:2      | Killed Sigmund
   792 | D:2      | Reached XP level 4. HP: 19/30 MP: 4/4
   792 | D:2      | Reached XP level 5. HP: 22/34 MP: 5/5
   866 | D:2      | Noticed Terence
   894 | D:2      | Killed Terence
  1028 | D:2      | Reached XP level 6. HP: 39/39 MP: 6/6
  1072 | D:2      | Noticed Natasha
  1092 | D:2      | Killed Natasha
  1992 | D:4      | Killed from afar by an orc priest

Illustrated notes

Levels and vault maps discovered:
D:1:      minmay_arrival_stone_box, layout_basic
D:2:      layout_rooms, minmay_misc_feat_more_columns, dk_noncrumbling_4,
          uniq_sigmund, uniq_terence, uniq_natasha
D:3:      layout_basic, chequers_serial_rivers_micro_d
D:4:      layout_cave_pools, kennysheep_another_room

Skill      XL: |  1  2  3 |
---------------+----------+-----
Fighting       | 4 |  4.9
Maces & Flails | 3 |  3.7
Armour         | 4 |  4.9
Shields        | 4 |  4.9

Action                     |  1- 3 |  4- 6 || total
---------------------------+-------+-------++-------
  Melee: Flail             |    52 |   163 ||   215
    Use: Potion            |     1 |       ||     1
         Scroll            |       |     2 ||     2
 Armour: Scale mail        |    40 |    97 ||   137
         Plate armour      |       |    67 ||    67
  Dodge: Dodged            |    23 |    98 ||   121
  Block: Buckler           |     9 |    49 ||    58
